 Dungeon Crawl Stone Soup version 0.20-a0-492-g6327889 (webtiles) character file.

626906 aspy the Slayer (level 27, -9/229 HPs)
             Began as a Mummy Necromancer on Jan 14, 2017.
             Was the Champion of Kikubaaqudgha.
             Killed from afar by an orb of fire (24 damage)
             ... with a bolt of fire
             ... on level 5 of the Realm of Zot on Jan 15, 2017.
             The game lasted 07:26:36 (95463 turns).

aspy the Slayer (Mummy Necromancer)                Turns: 95463, Time: 07:26:36

Health: -9/229     AC: 35    Str: 11 (12) XL:     27
Magic:  8/45       EV: 17    Int: 33      God:    Kikubaaqudgha [******]
Gold:   5024       SH: 12    Dex:  9 (10) Spells: 34/63 levels left

rFire    + + .     SeeInvis .   a - +9 rapier (pain)
rCold    . . .     Gourm    .   S - +5 fire dragon scales
rNeg     + + +     Faith    .   t - +0 shield {AC+3}
rPois    ∞         Spirit   .   n - +2 helmet
rElec    +         Reflect  .   K - +2 cloak
rCorr    .         Harm     .   A - +2 pair of gloves
MR       +++..                  v - +2 pair of boots
Stlth    ++........             Q - amulet "Xair" {Fragile rElec Regen+ Int+7 Dex-3}
Regen    0.8/turn               D - ring of protection from fire
                                N - +5 ring of evasion

@: about to teleport
A: no food or potions, fire vulnerability, cold resistance 1, negative energy
resistance 3, torment resistance, unbreathing, in touch with death 2
}: 3/15 runes: decaying, serpentine, silver
a: Receive Corpses, Torment, Renounce Religion


You were on level 5 of the Realm of Zot.
You worshipped Kikubaaqudgha.
Kikubaaqudgha was exalted by your worship.
You were not hungry.

You visited 10 branches of the dungeon, and saw 50 of its levels.
You visited the Abyss 1 time.
You also visited: Bailey and Wizlab.

You collected 7074 gold pieces.
You spent 2050 gold pieces at shops.

Inventory:

Hand Weapons
 a - a +9 rapier of pain (weapon)
Missiles
 f - 3 throwing nets (quivered)
Armour
 n - a +2 helmet (worn)
 t - a +0 shield of protection (worn)
 v - a +2 pair of boots (worn)
 A - a +2 pair of gloves (worn)
 K - a +2 cloak (worn)
 S - +5 fire dragon scales (worn)
Jewellery
 D - a ring of protection from fire (right hand)
 H - an uncursed ring of see invisible
 N - a +5 ring of evasion (left hand)
 Q - the amulet "Xair" (around neck) {Fragile rElec Regen+ Int+7 Dex-3}
   (You bought it in a shop on level 1 of the Depths)

   [amulet of regeneration]

   It affects your intelligence (+7).
   It affects your dexterity (-3).
   It insulates you from electricity.
   It increases your rate of regeneration.
   It will be destroyed if unequipped.
 R - the ring "Fuptomi" {rC+ rN+ MR+ Str+4 Dex+3}
   (You took it off an ancient champion on level 3 of the Crypt)

   [ring of positive energy]

   It affects your strength (+4).
   It affects your dexterity (+3).
   It protects you from cold.
   It protects you from negative energy.
   It affects your resistance to hostile enchantments.
Wands
 b - a wand of clouds (5/9)
 e - a wand of acid (6/15)
 g - a wand of iceblast (4/15)
 x - a wand of acid (6/15)
 z - a wand of digging (18/24)
 E - a wand of acid (11/15)
 L - a wand of clouds (2/9)
Scrolls
 c - 12 scrolls of teleportation
 d - a scroll of blinking
 h - 20 scrolls of remove curse
 i - 5 scrolls of magic mapping
 j - 2 scrolls of vulnerability
 k - 2 scrolls of identify
 l - 17 scrolls of recharging
 p - 6 scrolls of enchant weapon
 q - a scroll of silence
 B - 5 scrolls of brand weapon
 C - a scroll of torment
 G - 4 scrolls of fear
 J - 6 scrolls of amnesia
 M - a scroll of summoning


   Skills:
 + Level 21.6 Fighting
 - Level 13.7 Short Blades
   Level 4.5 Polearms
 + Level 13.0 Armour
 + Level 10.9 Dodging
 - Level 9.1 Stealth
 - Level 15.0 Shields
 + Level 18.7 Spellcasting
 - Level 17.8 Conjurations
 - Level 17.6 Necromancy


You had 34 spell levels left.
You knew the following spells:

 Your Spells              Type           Power        Failure   Level  Hunger
a - Orb of Destruction    Conj           #######...   3%          7    N/A
b - Vampiric Draining     Necr           ########..   0%          3    N/A
c - Animate Dead          Necr           N/A          1%          4    N/A
d - Control Undead        Necr           ########..   1%          4    N/A
e - Dispel Undead         Necr           ########     1%          5    N/A
p - Apportation           Tloc           ####..       8%          1    N/A
z - Bolt of Draining      Conj/Necr      ########..   1%          5    N/A

Dungeon Overview and Level Annotations

Branches:
Dungeon (15/15)            Temple (1/1) D:4            Lair (6/6) D:11
  Swamp (4/4) Lair:3        Snake (4/4) Lair:4        Slime (0/5) Lair:6
    Orc (2/2) D:10            Elf (0/3) Orc:2        Vaults (5/5) D:14
  Crypt (3/3) Vaults:3       Tomb (0/3) Crypt:3      Depths (5/5) D:15
    Zot (5/5) Depths:5

Altars:
Ashenzari
Cheibriados
Dithmenos
Elyvilon
Fedhas
Gozag
Hepliaklqana
Kikubaaqudgha
Makhleb
Nemelex Xobeh
Okawaru
Qazlal
Ru
Sif Muna
Trog
Uskayaw
Vehumet
Xom
Yredelemnul
Zin
The Shining One
Beogh
Jiyva

Shops:
D:4 =   D:12 [   Orc:2 ?}(!   Snake:4 (   Vaults:2 !   Depths:1 }=}[
Depths:4 :

Portals:
Hell: Depths:1 Depths:2 Depths:3 Depths:4 Depths:5
Abyss: Depths:4 Depths:5
Pandemonium: Depths:1 Depths:3 Depths:4
Ziggurat: Depths:4
Trove: D:12 (give +4 shadow dragon scales)

Annotations:
D:3 azzavlup's ghost, amateur DsAK
D:5 Feta's ghost, novice HOFi
D:6 azzavlup's ghost, novice TeBe
Lair:6 demon ending, exclusion: 2 doors
Swamp:3 exclusion: thorn hunter, Louise
Vaults:5 Mara
Depths:1 the Enchantress
Depths:2 exclusion: orange crystal statue
Depths:3 exclusions: 2 doors and upstairs
Zot:1 exclusion: 8 doors
Zot:3 exclusion: 3 upstairs
Zot:4 exclusion: 2 upstairs


Innate Abilities, Weirdness & Mutations

You do not eat or drink.
Your flesh is vulnerable to fire.
You are immune to poison.
Your flesh is cold resistant. (rC+)
You are immune to negative energy. (rN+++)
You are immune to unholy pain and torment.
You can survive without breathing.
You are strongly in touch with the powers of death.


Message History

As you read the scroll of teleportation, it crumbles to dust.
You feel strangely unstable.
You feel the Orb delaying your translocation!
The orb of fire glows bright magenta.
The fireball explodes!
The fireball engulfs you! You resist.
* * * LOW HITPOINT WARNING * * *
Your blink will be uncontrolled - continue anyway?
The Orb prevents control of your translocation!
You blink.
As you read the scroll of blinking, it crumbles to dust.
As you read the scroll of summoning, it crumbles to dust.
Wisps of shadow whirl around you...
The orb of fire glows bright magenta.
Your moth of wrath twists and deforms.
As you read the scroll of summoning, it crumbles to dust.
Wisps of shadow whirl around you...
The orb of fire glows yellow.
The bolt of fire hits you! You resist.
You die...
Kikubaaqudgha rasps: "You have failed me!
Welcome... oblivion!"

########........................
###.................####..
#.....###...#####...# #.. ####
▓########.########▓▓▓ *### ...##
#.....^.........* **,,, ....##
*#.............#* **,,,, ....^##
#.............# **,,,,, ......#
##...^.......## *,,,,,, ^.....#
#...d.@.X...# *,,,,,, ...^..#
##......D....#* *,,,,,, ......#
#.............# *,,,,,, ......#
##.....y.......#* *,,,,,,
......###.*.y...........***,,,,,,
..^..###...###########..,***,,,,,
....##.)..## *#.,,,**,,,,
.*§*...^### ***,,,,,,,, ▓#▓▓▓▓▓▓#
*********


You could see an orb of fire, a friendly shadow dragon, a friendly tentacled
monstrosity (wandering), a friendly green draconian and 2 friendly moths of
wrath.

Vanquished Creatures
  2 ancient liches
  2 orbs of fire (Zot:5)
  A juggernaut (Depths:4)
  Margery (Vaults:3)
  Saint Roka (Crypt:2)
  Bai Suzhen (Vaults:2)
  The ghost of whitenoisemaker the Slayer, a legendary GrGl of the Shining One (D:8)
  A caustic shrike (Depths:3)
  2 curse toes (Zot:3)
  Frederick (Vaults:2)
  Nikola (Vaults:3)
  Jory (Crypt:3)
  A bone dragon (Crypt:3)
  6 golden dragons
  A profane servitor (Crypt:3)
  5 liches
  Jorgrun (Crypt:3)
  3 electric golems
  4 tentacled monstrosities
  8 Orb Guardians (Zot:5)
  6 quicksilver dragons
  A titan (Depths:3)
  8 ancient champions
  Gastronok (D:8)
  15 death cobs
  7 sphinxes
  A tengu reaver (Vaults:5)
  4 shadow dragons
  9 storm dragons
  4 revenants
  2 draconian monks (Zot:3)
  11 nagarajas
  The ghost of Uhlv the Bludgeoner, a journeyman MiCK of Xom (D:14)
  A deep elf sorcerer (Vaults:3)
  An iron dragon (Vaults:5)
  3 draconian knights
  A frost giant (shapeshifter) (Vaults:3)
  9 vault wardens
  8 fire giants
  2 caustic shrike zombies
  6 draconian shifters
  An orc warlord (Bailey)
  3 draconian scorchers
  4 ghost moths
  9 ghouls
  7 frost giants
  3 spriggan defenders (Depths:1)
  A draconian stormcaller (Zot:4)
  16 ironheart preservers
  3 curse skulls
  6 draconian annihilators
  A reaper (Crypt:1)
  12 stone giants
  25 very ugly things
  A war gargoyle (Vaults:5)
  4 entropy weavers
  8 green draconians
  A deep elf demonologist (WizLab)
  19 vampire knights
  7 white draconians
  10 purple draconians
  13 black draconians
  Nessos (D:13)
  16 yellow draconians
  5 spark wasps
  8 red draconians
  20 ettins
  A deep elf annihilator (Vaults:3)
  4 deep elf death magi
  An ettin (shapeshifter) (Vaults:5)
  9 fire dragons
  8 eidola
  A quicksilver dragon zombie (Depths:3)
  13 yaktaur captains
  28 jiangshi
  11 great orbs of eyes
  Fannar (D:10)
  4 rakshasas
  39 vault guards
  24 naga warriors
  A hell beast (Depths:4)
  12 ice dragons
  11 centaur warriors
  4 ghost crabs
  An anaconda (shapeshifter) (Depths:2)
  2 spriggan air magi (Depths:1)
  27 two-headed ogres
  4 catoblepae
  8 death knights
  20 hydras
  10 alligators
  13 anacondas
  15 deep troll shamans
  3 death yaks (Depths:4)
  11 vampire magi
  14 ogre magi
  4 tengu warriors
  A thrashing horror (Abyss:5)
  4 spriggan berserkers
  A storm dragon zombie (Crypt:2)
  9 naga sharpshooters
  7 shock serpents
  13 deep troll earth magi
  A titan skeleton (Crypt:2)
  A salamander mystic (Snake:4)
  5 soul eaters
  A wretched star (Abyss:5)
  3 deep elf knights
  3 shadow wraiths
  46 skeletal warriors
  9 hell knights
  3 iron trolls
  43 deep trolls
  A sixfirhy (Depths:4)
  A death drake (Depths:2)
  3 spectral anacondas (Depths:2)
  A torturous demonspawn (Depths:4)
  2 spriggan druids (Swamp:4)
  3 deep elf archers
  8 glowing orange brains
  7 wizards
  5 swamp dragons
  A spectral hydra (Depths:1)
  A quicksilver dragon simulacrum (Crypt:3)
  2 unseen horrors
  9 naga ritualists
  2 golden dragon zombies (Crypt:2)
  An infernal demonspawn (Depths:4)
  17 phantasmal warriors
  10 ironbrand convokers
  9 flayed ghosts
  A harpy (shapeshifter) (Vaults:2)
  15 mana vipers
  A lindwurm (Lair:6)
  An anaconda skeleton (Crypt:1)
  14 harpies
  11 necromancers
  2 wolf spider zombies
  5 wolf spiders
  38 ugly things
  An iron dragon zombie (Crypt:2)
  19 orc knights
  A fire giant zombie (Crypt:1)
  2 frost giant zombies
  10 deep elf magi
  8 orc sorcerers
  A stone giant zombie (Crypt:1)
  8 manticores
  4 cyclopes
  A tengu skeleton (Depths:3)
  4 large abominations
  An oklob plant (Lair:6)
  23 moths of wrath
  11 salamanders
  A moth of wrath (shapeshifter) (Vaults:3)
  2 black mambas (shapeshifter)
  28 naga magi
  13 vault sentinels
  29 black mambas
  A stone giant skeleton (Vaults:3)
  An iron dragon skeleton (Crypt:2)
  12 spiny frogs
  16 elephants
  A guardian serpent (Snake:4)
  A gargoyle (D:15)
  A yaktaur zombie (Vaults:3)
  Joseph (D:9)
  36 yaktaurs
  A komodo dragon (shapeshifter) (Depths:1)
  7 kobold demonologists
  A rime drake (shapeshifter) (Depths:2)
  5 komodo dragons
  3 rime drakes
  An ice devil (Depths:3)
  A golden dragon simulacrum (Crypt:3)
  3 spectral merfolk (Depths:2)
  9 freezing wraiths
  2 red devils
  7 tengu conjurers
  An ancient zyme (Abyss:5)
  A wind drake (shapeshifter) (D:14)
  A white draconian skeleton (Crypt:1)
  8 trolls
  17 hornets
  7 blink frogs
  A fire giant simulacrum (Depths:2)
  A hippogriff (shapeshifter) (Depths:4)
  A dream sheep (shapeshifter) (Depths:3)
  2 tyrant leeches
  A shadow dragon simulacrum (Vaults:3)
  5 raiju
  10 hippogriffs
  35 slime creatures
  2 dream sheep (Lair:6)
  16 bog bodies
  A redback (shapeshifter) (Vaults:2)
  A spriggan (shapeshifter) (Depths:4)
  54 flying skulls
  10 shadows
  A tarantella (Vaults:4)
  A spriggan skeleton (Depths:3)
  10 spriggans
  An alligator skeleton (Crypt:2)
  2 redbacks (Vaults:3)
  2 water elementals
  A tarantella (shapeshifter) (D:13)
  2 wyverns
  3 basilisks
  46 yaks
  A vampire (Depths:2)
  Eustachio (D:5)
  27 wraiths
  A black mamba skeleton (Crypt:2)
  2 hungry ghosts (D:9)
  Grum (D:7)
  2 steam dragons
  16 vampire mosquitoes
  11 wargs
  15 swamp worms
  A faun zombie (Crypt:1)
  48 nagas
  3 acid dragons
  2 spectral trolls (Depths:2)
  A hydra simulacrum (Depths:2)
  2 insubstantial wisps (Swamp:2)
  A soldier ant (shapeshifter) (Depths:1)
  15 water moccasins
  3 small abominations (Crypt:3)
  4 hell hounds
  8 porcupines
  2 floating eyes
  A human skeleton (Depths:2)
  3 spectral spriggans (Depths:2)
  55 orc warriors
  9 swamp drakes
  4 ice beasts
  A sky beast (D:11)
  A black bear (D:9)
  2 fire dragon simulacra
  3 eyes of draining
  3 phantoms
  A sky beast (shapeshifter) (Depths:1)
  A necrophage (Crypt:3)
  43 ogres
  7 boggarts
  26 wolves
  2 snapping turtle skeletons
  17 centaurs
  14 crocodiles
  2 big kobolds (D:14)
  19 bullfrogs
  A gnoll sergeant (D:10)
  2 merfolk simulacra
  A wyvern zombie (D:14)
  A human simulacrum (Depths:2)
  2 wyvern skeletons
  6 scorpions
  An orc simulacrum (Vaults:1)
  A spectral ogre (Depths:2)
  16 wights
  9 howler monkeys
  3 electric eels
  A spectral centaur (Depths:2)
  3 bullfrog zombies
  6 crimson imps
  4 quasits
  6 jellies
  5 hounds
  An iron imp (Depths:4)
  2 bullfrog skeletons
  6 centaur skeletons
  19 orc priests
  34 orc wizards
  4 iguanas
  Terence (D:3)
  2 hell rats (Lair:6)
  13 worker ants
  2 big kobold zombies
  A killer bee zombie (D:5)
  3 deep dwarf zombies
  A tengu zombie (Crypt:2)
  A hound zombie (D:7)
  A naga skeleton (Crypt:2)
  A hound skeleton (D:8)
  2 howler monkey zombies
  A howler monkey skeleton (Crypt:1)
  22 adders
  20 gnolls
  7 river rats (Lair:6)
  7 shadow imps
  2 swamp drake skeletons (Crypt:2)
  5 ufetubi
  An ooze (D:4)
  An adder skeleton (D:9)
  3 worms
  3 dart slugs
  2 leopard geckos
  102 orcs
  5 ball pythons
  5 giant cockroaches
  23 goblins
  10 hobgoblins
  7 jackals
  3 quokkas
  10 bats
  2 frilled lizards
  A jackal zombie (Crypt:2)
  9 kobolds
  A leopard gecko skeleton (D:5)
  17 rats
2307 creatures vanquished.

Vanquished Creatures (collateral kills)
  A golden dragon (Vaults:5)
  Rupert (Lair:4)
  6 tentacled monstrosities
  2 quicksilver dragons
  A sphinx (Vaults:1)
  A death cob (Zot:5)
  2 thorn hunters (Swamp:4)
  3 shadow dragons
  2 draconian monks (Zot:1)
  A frost giant (Depths:4)
  A nagaraja (Snake:2)
  A vault warden (Vaults:4)
  A fire giant (Vaults:5)
  2 draconian scorchers
  A ghoul (Crypt:1)
  An ironheart preserver (Vaults:5)
  A juggernaut zombie (Crypt:1)
  2 war gargoyles
  2 stone giants
  A reaper (Crypt:2)
  3 very ugly things
  A red draconian (Zot:5)
  A green draconian (Zot:5)
  2 white draconians (Zot:3)
  8 ettins
  A deep elf death mage (Crypt:2)
  A jiangshi (Crypt:3)
  A fire dragon (Depths:1)
  An ogre mage (Vaults:5)
  Josephine (Lair:5)
  4 naga warriors
  A deep elf high priest (Vaults:5)
  7 hydras
  3 yaktaur captains
  A great orb of eyes (Depths:2)
  3 vault guards
  An ice dragon (Depths:5)
  A spriggan air mage (Depths:4)
  6 two-headed ogres
  2 dancing weapons (Depths:2)
  2 alligators (Swamp:4)
  2 naga sharpshooters (Snake:4)
  A tengu warrior (Depths:2)
  A death yak (Depths:4)
  2 thrashing horrors (Abyss:5)
  A shock serpent (Snake:3)
  A hell knight (Crypt:3)
  Sonja (D:15)
  A sun demon (Depths:4)
  An unseen horror (D:14)
  A skeletal warrior (Crypt:2)
  3 flayed ghosts
  2 shambling mangroves
  5 deep trolls
  A lindwurm (shapeshifter) (Vaults:5)
  An orange crystal statue (Depths:2)
  2 harpies (Vaults:1)
  4 swamp dragons (Swamp:4)
  A large abomination (Abyss:5)
  An orc knight (Vaults:3)
  2 wolf spiders
  3 mana vipers
  An orc sorcerer (Orc:2)
  4 ugly things
  A deep elf mage (Vaults:1)
  2 salamanders (Snake:2)
  2 elephants
  6 black mambas
  Psyche (D:9)
  2 gargoyles
  5 naga magi
  5 rime drakes
  4 spiny frogs
  A redback zombie (D:15)
  4 yaktaurs
  4 komodo dragons
  A spectral merfolk (Depths:2)
  3 hornets
  3 tyrant leeches
  A bog body (Swamp:4)
  10 slime creatures
  A hippogriff (Lair:6)
  3 dream sheep (Lair:6)
  2 blink frogs
  2 spriggans
  7 flying skulls (Crypt:3)
  A water elemental (Depths:2)
  14 yaks
  2 air elementals (Depths:4)
  A hungry ghost (D:10)
  2 wraiths
  A basilisk (Lair:3)
  2 wargs (Depths:1)
  11 insubstantial wisps
  5 nagas
  9 swamp worms
  9 water moccasins
  2 hell hounds
  A porcupine (Lair:3)
  An ice beast (D:5)
  3 swamp drakes
  3 necrophages (Crypt:3)
  6 ogres
  3 centaurs
  A wolf (Lair:3)
  3 crocodiles
  A gnoll sergeant (D:9)
  3 spectral nagas (Depths:2)
  A spectral ogre (Depths:2)
  An electric eel (D:10)
  2 howler monkeys
  A crimson imp (D:10)
  An iron imp (D:7)
  2 orc priests
  A hound (D:9)
  8 orc wizards
  A bullfrog skeleton (D:11)
  A centaur skeleton (D:4)
  2 worker ants
  A hell rat (Lair:6)
  3 gnolls (D:9)
  2 river rats (Lair:6)
  2 shadow imps (Depths:4)
  2 white imps (Depths:4)
  13 orcs
  A hobgoblin (Bailey)
  2 kobolds (D:15)
  A quokka (D:6)
  2 bats
  A frilled lizard (D:1)
  3 rats
  2 briar patches (Swamp:4)
  A lurking horror (Abyss:5)
  2 plants
339 creatures vanquished.

Vanquished Creatures (others)
  2 yaktaur captains
  A deep troll shaman (Depths:4)
  2 naga sharpshooters
  A deep elf knight (Vaults:4)
  A deep elf mage (Vaults:1)
  An orc sorcerer (Vaults:3)
  A cyclops (Vaults:2)
  7 yaktaurs
  An orc warrior (Vaults:3)
  A boggart (Vaults:3)
  A human zombie (Crypt:1)
  An orc (Vaults:2)
  17 bushes
  18 fungi
  43 plants
98 creatures vanquished.

Grand Total: 2744 creatures vanquished

Notes
Turn   | Place    | Note
-------+----------+-------------------------------------------
     0 | D:1      | aspy the Mummy Necromancer began the quest for the Orb.
     0 | D:1      | Reached XP level 1. HP: 13/13 MP: 4/4
     2 | D:1      | Learned a level 1 spell: Animate Skeleton
   320 | D:1      | Reached XP level 2. HP: 17/19 MP: 3/6
   946 | D:2      | Reached XP level 3. HP: 22/24 MP: 7/7
   957 | D:2      | Learned a level 3 spell: Vampiric Draining
  1564 | D:3      | Noticed azzavlup's ghost (amateur DsAK)
  1651 | D:2      | Reached skill level 5 in Necromancy
  2021 | D:3      | Reached XP level 4. HP: 27/30 MP: 7/9
  2041 | D:3      | Noticed Terence
  2044 | D:3      | Killed Terence
  2372 | D:4      | Found Wuwud's Jewellery Boutique.
  2416 | D:4      | Reached XP level 5. HP: 19/35 MP: 8/11
  2595 | D:4      | Learned a level 4 spell: Control Undead
  2701 | D:4      | Learned a level 4 spell: Animate Dead
  2749 | D:4      | Found a staircase to the Ecumenical Temple.
  2823 | Temple   | Entered the Ecumenical Temple
  3083 | D:4      | Reached XP level 6. HP: 41/41 MP: 5/13
  3222 | D:4      | Found a shimmering altar of Xom.
  3315 | D:4      | Reached skill level 5 in Spellcasting
  3741 | D:4      | Found a hazy altar of Hepliaklqana.
  3741 | D:4      | Found an iron altar of Okawaru.
  3751 | D:4      | Found an opulent altar of Gozag.
  3760 | D:4      | Found an ancient bone altar of Kikubaaqudgha.
  3770 | D:4      | Found a burning altar of Makhleb.
  3789 | D:4      | Became a worshipper of Kikubaaqudgha
  4070 | D:5      | Entered Level 5 of the Dungeon
  4131 | D:5      | Noticed Feta's ghost (novice HOFi)
  4245 | D:5      | Noticed Eustachio
  4292 | D:5      | Killed Eustachio
  4292 | D:5      | Reached XP level 7. HP: 46/46 MP: 16/16
  5443 | D:6      | Noticed azzavlup's ghost (novice TeBe)
  5600 | D:6      | Reached XP level 8. HP: 52/52 MP: 18/18
  5656 | D:6      | Got a twisted leather armour
  5688 | D:5      | Identified the +2 leather armour "Taqaedgh" {Str+2 Dex+6} (You found it on level 6 of the Dungeon)
  5770 | D:6      | Found a white marble altar of Elyvilon.
  6197 | D:7      | Reached skill level 1 in Fighting
  6264 | D:7      | Reached * piety under Kikubaaqudgha
  6264 | D:7      | Identified Kikubaaqudgha's Guide on Sinister Secrets (Kikubaaqudgha gifted it to you on level 7 of the Dungeon)
  6264 | D:7      | Received a gift from Kikubaaqudgha
  6272 | D:7      | Learned a level 2 spell: Corpse Rot
  6349 | D:7      | Found a snail-covered altar of Cheibriados.
  6377 | D:7      | Reached skill level 2 in Fighting
  6895 | D:8      | Noticed Grum
  6924 | D:7      | Reached skill level 3 in Fighting
  7036 | D:7      | Killed Grum
  7036 | D:7      | Reached skill level 10 in Necromancy
  7050 | D:7      | Reached XP level 9. HP: 44/64 MP: 13/19
  7599 | D:8      | Noticed Gastronok
  7651 | D:8      | Reached skill level 4 in Fighting
  7761 | D:8      | Noticed whitenoisemaker's ghost (legendary GrGl)
  8062 | D:9      | Noticed Joseph
  8073 | D:9      | Killed Joseph
  8550 | D:9      | Found a deep blue altar of Sif Muna.
  8565 | D:9      | Reached ** piety under Kikubaaqudgha
  8597 | D:9      | Identified Sif Muna's Reference Book on Orientation
  8601 | D:9      | Learned a level 1 spell: Apportation
  8750 | D:9      | Noticed a troll
  8753 | D:9      | Noticed Psyche
  8773 | D:9      | Reached skill level 5 in Fighting
  8783 | D:9      | Killed a troll
  9171 | D:9      | Reached XP level 10. HP: 63/74 MP: 21/21
  9237 | D:9      | Found a deep blue altar of Sif Muna.
  9653 | D:10     | Entered Level 10 of the Dungeon
  9701 | D:9      | Killed Psyche
  9843 | D:10     | Killed an unseen horror
  9843 | D:10     | Reached skill level 6 in Fighting
 10171 | D:10     | Reached skill level 1 in Short Blades
 10223 | D:10     | Noticed Fannar
 10490 | D:10     | Found a glowing golden altar of the Shining One.
 10620 | D:10     | Reached *** piety under Kikubaaqudgha
 10620 | D:10     | Identified Kikubaaqudgha's Almanac of Necromancy (Kikubaaqudgha gifted it to you on level 10 of the Dungeon)
 10620 | D:10     | Received a gift from Kikubaaqudgha
 10761 | D:10     | Learned a level 5 spell: Bolt of Draining
 11092 | D:10     | Reached skill level 1 in Conjurations
 11523 | D:10     | Killed Fannar
 11523 | D:10     | Reached skill level 7 in Fighting
 11699 | D:10     | Reached XP level 11. HP: 80/84 MP: 24/24
 11896 | D:10     | Found a staircase to the Orcish Mines.
 12215 | D:11     | Learned a level 5 spell: Dispel Undead
 12469 | D:11     | Found a sacrificial altar of Ru.
 12745 | D:11     | Got an ichor-stained trident
 12827 | D:11     | Reached **** piety under Kikubaaqudgha
 13131 | D:11     | Found a staircase to the Lair.
 13310 | Lair:1   | Entered Level 1 of the Lair of Beasts
 14090 | Lair:1   | Reached skill level 10 in Spellcasting
 14612 | Lair:1   | Reached skill level 8 in Fighting
 14612 | Lair:1   | Reached skill level 5 in Conjurations
 15443 | Lair:2   | Noticed a seven-headed hydra
 15449 | Lair:2   | Killed a seven-headed hydra
 15628 | Lair:2   | Reached XP level 12. HP: 79/94 MP: 22/26
 16015 | Lair:3   | Identified the +5 trident of Dyjap {elec, Fragile MR+ Int+6 Dex+4} (You found it on level 11 of the Dungeon)
 16062 | Lair:3   | Reached skill level 1 in Polearms
 16494 | Lair:3   | Reached ***** piety under Kikubaaqudgha
 17405 | Lair:3   | Reached skill level 9 in Fighting
 17654 | Lair:3   | Found a staircase to the Swamp.
 17911 | Lair:3   | Noticed a six-headed hydra
 17928 | Lair:3   | Killed a six-headed hydra
 18437 | Lair:4   | Gained mutation: You are in touch with the powers of death. [Mummy growth]
 18437 | Lair:4   | Reached XP level 13. HP: 67/101 MP: 11/28
 18583 | Lair:4   | Found a staircase to the Snake Pit.
 18686 | Lair:4   | Noticed Rupert
 18693 | Lair:4   | Killed Rupert
 18693 | Lair:4   | Reached skill level 1 in Armour
 19994 | Lair:5   | Noticed Josephine
 20004 | Lair:5   | Killed Josephine
 20069 | Lair:5   | Reached skill level 10 in Fighting
 20741 | Lair:6   | Entered Level 6 of the Lair of Beasts
 20888 | Lair:6   | Found a viscous altar of Jiyva.
 20889 | Lair:6   | Found a staircase to the Slime Pits.
 21497 | Lair:6   | Reached ****** piety under Kikubaaqudgha
 21497 | Lair:6   | Reached skill level 15 in Necromancy
 22215 | Lair:6   | Reached XP level 14. HP: 106/110 MP: 12/31
 23260 | D:12     | Found a stormy altar of Qazlal.
 23512 | D:4      | Bought an uncursed amulet of regeneration for 360 gold pieces
 23512 | D:4      | Bought an uncursed ring of protection from fire for 300 gold pieces
 23611 | D:8      | Killed Gastronok
 23887 | D:12     | Found a portal to a secret trove of treasure.
 24262 | D:12     | Found Ifimne's Armour Shop.
 24533 | D:13     | Found a flagged portal.
 24543 | Bailey   | Entered a bailey
 25483 | Bailey   | Noticed an orc warlord
 25508 | Bailey   | Killed an orc warlord
 26363 | D:13     | Noticed Nessos
 26375 | D:13     | Killed Nessos
 26375 | D:13     | Reached skill level 5 in Dodging
 26914 | D:13     | Identified a +2 rapier of pain (a +0 rapier of electrocution bloodied by Kikubaaqudgha)
 26914 | D:13     | Received a gift from Kikubaaqudgha
 27025 | D:14     | Found a gate to the Vaults.
 27077 | D:14     | Identified 2 scrolls of acquirement
 27862 | D:14     | Noticed Uhlv's ghost (journeyman MiCK)
 27868 | D:14     | Killed Uhlv's ghost
 28159 | D:14     | Reached skill level 5 in Short Blades
 28549 | D:15     | Entered Level 15 of the Dungeon
 28661 | D:15     | Reached XP level 15. HP: 99/117 MP: 18/32
 29115 | D:15     | Reached skill level 11 in Fighting
 30238 | D:15     | Noticed Sonja
 30617 | D:15     | Killed Sonja
 31020 | D:15     | Found a staircase to the Depths.
 31073 | D:15     | Found a glowing silver altar of Zin.
 31521 | Orc:1    | Entered Level 1 of the Orcish Mines
 31992 | Orc:2    | Entered Level 2 of the Orcish Mines
 32886 | Orc:2    | Found a staircase to the Elven Halls.
 33222 | Orc:2    | Found an ancient bone altar of Kikubaaqudgha.
 33386 | Orc:2    | Reached skill level 5 in Stealth
 33483 | Orc:2    | Found a roughly hewn altar of Beogh.
 33483 | Orc:2    | Found Lixaisak's Gadget Emporium.
 33674 | Orc:2    | Found Irphidec's Distillery.
 33712 | Orc:2    | Found Zauxtum's Antique Weapon Shoppe.
 33733 | Orc:2    | Found a radiant altar of Vehumet.
 33763 | Orc:2    | Found Bikocvim's Magic Scroll Emporium.
 33791 | Orc:2    | Bought a scroll of brand weapon for 360 gold pieces
 33791 | Orc:2    | Bought a scroll of identify for 36 gold pieces
 33791 | Orc:2    | Bought a scroll of teleportation for 54 gold pieces
 33791 | Orc:2    | Bought a scroll of enchant armour for 135 gold pieces
 33791 | Orc:2    | Bought a scroll of identify for 36 gold pieces
 33791 | Orc:2    | Bought a scroll of identify for 36 gold pieces
 33791 | Orc:2    | Bought a scroll of teleportation for 54 gold pieces
 34117 | Swamp:1  | Entered Level 1 of the Swamp
 34463 | Swamp:1  | Reached skill level 1 in Shields
 35592 | Swamp:2  | Reached XP level 16. HP: 126/126 MP: 22/33
 36740 | Swamp:3  | Noticed a thorn hunter
 36867 | Swamp:3  | Noticed Louise
 37245 | Swamp:4  | Entered Level 4 of the Swamp
 37666 | Swamp:4  | Reached skill level 12 in Fighting
 39081 | Swamp:4  | Noticed a thorn hunter
 39098 | Swamp:4  | Killed a thorn hunter
 39098 | Swamp:4  | Reached skill level 5 in Shields
 39292 | Swamp:4  | Got a decaying rune of Zot
 39613 | Swamp:4  | Reached skill level 15 in Spellcasting
 39678 | Swamp:4  | Noticed a thorn hunter
 39690 | Swamp:4  | Killed a thorn hunter
 40317 | Snake:1  | Entered Level 1 of the Snake Pit
 40984 | Snake:1  | Reached XP level 17. HP: 135/135 MP: 36/36
 42457 | Snake:2  | Reached skill level 13 in Fighting
 42457 | Snake:2  | Reached skill level 10 in Short Blades
 44821 | Snake:4  | Entered Level 4 of the Snake Pit
 45446 | Snake:4  | Found Nurghir's Antique Weapon Emporium.
 46916 | Snake:4  | Reached XP level 18. HP: 129/145 MP: 34/38
 47590 | Snake:4  | Reached skill level 14 in Fighting
 48658 | Snake:4  | Got a serpentine rune of Zot
 49300 | Vaults:1 | Entered Level 1 of the Vaults
 51102 | Vaults:1 | Reached XP level 19. HP: 120/154 MP: 26/39
 51346 | Vaults:1 | Reached skill level 15 in Fighting
 52056 | Vaults:1 | Identified Immeiskepa's Papyrus of Lethal Evil Rites (You acquired it on level 1 of the Vaults)
 52653 | Vaults:2 | Noticed Frederick
 53355 | Vaults:2 | Reached skill level 10 in Shields
 53388 | Vaults:2 | Noticed Bai Suzhen
 53400 | Vaults:2 | Killed Bai Suzhen
 53671 | Vaults:2 | Found Puituck's Distillery.
 53755 | Vaults:2 | Killed Frederick
 55013 | Vaults:2 | Found a shimmering altar of Xom.
 55553 | Vaults:2 | Reached skill level 16 in Fighting
 56655 | Vaults:3 | Noticed Nikola
 56667 | Vaults:3 | Killed Nikola
 56667 | Vaults:3 | Reached XP level 20. HP: 152/164 MP: 27/40
 57187 | Vaults:3 | Cast into level 3 of the Abyss (a deep elf sorcerer)
 57232 | Abyss:5  | Entered Level 5 of the Abyss
 57280 | Abyss:5  | Found a corrupted altar of Lugonu.
 57399 | Vaults:3 | Escaped the Abyss
 58692 | Vaults:3 | Noticed Margery
 59421 | Vaults:3 | Found a staircase to the Crypt.
 60461 | Vaults:3 | Killed Margery
 60610 | Crypt:1  | Entered Level 1 of the Crypt
 60625 | Crypt:1  | Reached skill level 17 in Fighting
 62278 | Crypt:1  | Reached XP level 21. HP: 155/175 MP: 16/41
 64277 | Crypt:2  | Got a warped granite ring
 64458 | Crypt:2  | Identified the ring of Anarchy {Wiz *Contam rPois rN+} (You found it on level 2 of the Crypt)
 65062 | Crypt:2  | Noticed Saint Roka
 65087 | Crypt:2  | Killed Saint Roka
 66690 | Crypt:3  | Entered Level 3 of the Crypt
 66905 | Crypt:3  | Noticed Jorgrun
 67042 | Crypt:3  | Reached skill level 18 in Fighting
 67486 | Crypt:3  | Found a basalt altar of Yredelemnul.
 68795 | Crypt:3  | Got a clouded platinum ring
 68801 | Crypt:3  | Reached XP level 22. HP: 184/184 MP: 31/42
 68853 | Crypt:3  | Got a brightly glowing platinum ring
 68854 | Crypt:3  | Identified the ring "Fuptomi" {rC+ rN+ MR+ Str+4 Dex+3} (You took it off an ancient champion on level 3 of the Crypt)
 68855 | Crypt:3  | Identified the ring of Enasaisesh {rN+ Str+4} (You found it on level 3 of the Crypt)
 69286 | Crypt:3  | Killed Jorgrun
 69421 | Crypt:3  | Got a pitted lead ring
 70267 | Crypt:3  | Noticed Jory
 70454 | Crypt:3  | Killed Jory
 70454 | Crypt:3  | Reached skill level 15 in Shields
 70868 | Crypt:3  | Got a warped morningstar
 70869 | Crypt:3  | Identified the ring of the Jackalope {rC+ Int+4 Slay+2} (You took it off a skeletal warrior on level 3 of the Crypt)
 70873 | Crypt:3  | Identified the +9 morningstar of the Eternal Void {holy, rElec rN+} (You found it on level 3 of the Crypt)
 70904 | Crypt:3  | Found a staircase to the Tomb.
 71305 | Vaults:3 | Upgraded the game from 0.20-a0-472-g5c05303 to 0.20-a0-492-g6327889
 71709 | Vaults:3 | Learned a level 7 spell: Orb of Destruction
 71772 | Vaults:4 | Paralysed by a sphinx for 4 turns
 73854 | Depths:1 | Entered Level 1 of the Depths
 73878 | Depths:1 | Found a magical portal.
 73902 | WizLab   | Entered The Hall of the Hellbinder
 74059 | Depths:1 | Found Muetacw's Jewellery Shop.
 74060 | Depths:1 | Found Vaden's Gadget Shoppe.
 74060 | Depths:1 | Found Detileun's Gadget Shoppe.
 74068 | Depths:1 | Bought the amulet "Xair" {Fragile rElec Regen+ Int+7 Dex-3} for 514 gold pieces
 74071 | Depths:1 | Bought an uncursed ring of see invisible for 165 gold pieces
 74418 | Depths:1 | Reached skill level 19 in Fighting
 74430 | Depths:1 | Found a gateway to Hell.
 74439 | Depths:1 | Reached skill level 5 in Armour
 74681 | Depths:1 | Reached XP level 23. HP: 183/194 MP: 25/43
 74960 | Depths:1 | Found a one-way gate leading to the halls of Pandemonium.
 75396 | Depths:1 | Found Adathaj's Armour Shop.
 75404 | Depths:1 | Noticed the Enchantress
 75407 | Depths:1 | Reached skill level 10 in Conjurations
 78189 | Depths:2 | Noticed an ancient lich
 78192 | Depths:2 | Killed an ancient lich
 79426 | Depths:3 | Got a translucent hat
 79427 | Depths:3 | Identified the +0 hat of Devotion {-Tele rElec rC+ Dex+2} (You acquired it on level 3 of the Depths)
 80605 | Depths:3 | Noticed a caustic shrike
 80613 | Depths:3 | Killed a caustic shrike
 80721 | Depths:3 | Reached XP level 24. HP: 172/203 MP: 19/43
 81304 | Depths:4 | Found a one-way gate to the infinite horrors of the Abyss.
 81460 | Depths:4 | Reached skill level 20 in Fighting
 82310 | Depths:4 | Found a gateway to a ziggurat.
 82380 | Depths:4 | Found Maeleess's Book Shoppe.
 83081 | Depths:4 | Noticed a juggernaut
 83099 | Depths:4 | Killed a juggernaut
 83216 | Depths:4 | Got a warped lapis lazuli ring
 83217 | Depths:4 | Identified the ring of Xuajejy {rC++ MR+} (You found it on level 4 of the Depths)
 83231 | Depths:4 | Got a smoking scimitar
 83232 | Depths:4 | Identified the cursed +3 scimitar of Extinguishment {elec, rElec rN+ Str-5 Dex+2} (You found it on level 4 of the Depths)
 83332 | Depths:5 | Entered Level 5 of the Depths
 83687 | Depths:5 | Found a gate to the Realm of Zot.
 84575 | Depths:5 | Reached skill level 10 in Armour
 85277 | D:8      | Killed whitenoisemaker's ghost
 85277 | D:8      | Reached XP level 25. HP: 212/212 MP: 24/43
 85605 | Vaults:5 | Entered Level 5 of the Vaults
 85605 | Vaults:5 | Noticed Mara
 85810 | Vaults:4 | Reached skill level 15 in Conjurations
 85885 | Vaults:5 | Noticed aspy's illusion
 86775 | Vaults:5 | Reached skill level 21 in Fighting
 86861 | Vaults:5 | Got a coiled silver ring
 86961 | Vaults:5 | Got a silver rune of Zot
 87042 | Vaults:5 | Noticed aspy's illusion
 87455 | Zot:1    | Entered Level 1 of the Realm of Zot
 88224 | Zot:1    | Got an ancient amber ring
 88679 | Zot:1    | Noticed an orb of fire
 89259 | Zot:3    | Noticed an orb of fire
 89533 | Zot:3    | Gained mutation: You are strongly in touch with the powers of death. [Mummy growth]
 89533 | Zot:3    | Reached XP level 26. HP: 197/222 MP: 23/43
 89767 | Zot:3    | Identified the ring "Keenn" {+Fly rElec rC+++ Int-2 Stlth+} (You took it off an ironheart preserver on level 5 of the Vaults)
 89768 | Zot:3    | Identified the ring of the Wary Wishes {rElec rPois rN+ Stlth-} (You found it on level 1 of the Realm of Zot)
 89901 | Zot:3    | HP: 2/222 [purple draconian/bolt of dispelling energy (18)]
 91817 | Zot:4    | Got a translucent lead ring
 91818 | Zot:4    | Identified the ring of Sin {MP+9 Str+2 Int+6 Dex-5} (You found it on level 4 of the Realm of Zot)
 93747 | Zot:4    | Reached skill level 10 in Dodging
 94095 | Zot:5    | Entered Level 5 of the Realm of Zot
 94104 | Zot:5    | Noticed an orb of fire
 94340 | Zot:5    | Killed an orb of fire
 94990 | Zot:5    | Reached XP level 27. HP: 229/229 MP: 41/45
 95011 | Zot:5    | Noticed an ancient lich
 95016 | Zot:5    | Killed an ancient lich
 95423 | Zot:5    | Noticed an orb of fire
 95429 | Zot:5    | Killed an orb of fire
 95445 | Zot:5    | Noticed an orb of fire
 95457 | Zot:5    | HP: 9/229 [orb of fire/fireball (19)]
 95463 | Zot:5    | Killed from afar by an orb of fire

Vault maps used:
D:1:      lemuel_arrival_hallway
D:3:      first_bread, st_stairs_4, uniq_terence
D:4:      chequers_temple_overflow_minitemple, serial_shops, shop, tgw_xom
D:5:      uniq_eustachio
D:6:      elyvilon_altar_1, serial_aquarium, aquarium_bridge_straight,
          aquarium_bridge_long_separate, aquarium_window_fake,
          aquarium_window_2, aquarium_window_fake, aquarium_view_2f,
          aquarium_pool_side
D:7:      slow_altar_2, grunt_ogre_cave
D:8:      uniq_gastronok, uniq_grum
D:9:      led_sif_book, basic_altar, uniq_joseph, uniq_psyche
D:10:     erik_orc_2, basic_altar, uniq_fannar
D:11:     lair_entry_dummy, nicolae_ru_sacrificial_ziggurat
D:12:     serial_shops, nicolae_shop_behind_doors, nicolae_trove_entry_diagonal,
          minmay_misc_feat_room, grunt_qazlal_sundering
D:13:     enter_bailey_8, uniq_nessos
D:14:     lightli_vaults_fourway_checkpoint, serial_park_gazebo
D:15:     grunt_enter_depths_hoard, zin_angel, uniq_sonja
Temple:   nicolae_temple_god_jail
Lair:1:   eino_small_chamber_without_monster, serial_bayou_pond_c
Lair:2:   grunt_megastairs_4
Lair:3:   nicolae_swamp_entry_splash_gauntlet
Lair:4:   minmay_snake_entry_six_corridors, uniq_rupert
Lair:5:   guppyfry_lair_drakes, lemuel_fruit_fields, infiniplex_staircase_pool,
          serial_bayou_shore_a, uniq_josephine
Lair:6:   evil_forest, dpeg_slime_entry_enclosed_altar,
          kennysheep_abandoned_house
Swamp:1:  evilmike_swamp_ruin_house_3, swamp_pool1, nicolae_swamp_round_clearing
Swamp:2:  evilmike_swamp_ruin_rubble_2
Swamp:3:  cheibrodos_swamp_sealed, nicolae_swamp_orc_logging_accident,
          swamp_pool2, uniq_louise
Swamp:4:  swamp_basic_johnstein
Snake:3:  minmay_snake_river
Snake:4:  snake_pit, serial_shops, shop_fountains
Orc:2:    kennysheep_orc_mage_school
Vaults:1: v_misc_30, nicolae_vaults_network_square, hangedman_vaults_restitches,
          v_misc_13, v_misc_3, hangedman_vaults_capsules, ontoclasm_vaults_eye,
          vaults_room_hallway
Vaults:2: nicolae_vaults_little_squares_1, nicolae_vaults_little_squares_2,
          nicolae_vaults_rhombus_6, nicolae_vaults_minivaults,
          hangedman_vaults_locks, vaults_room_fancy_cross, v_misc_3, v_misc_27,
          nicolae_vaults_ring_of_whatevers, vaults_room_fours,
          hangedman_vaults_river_flow, vaults_room_hallway, vaults_dpeg_cross,
          vaults_dpeg_hooks, ontoclasm_vaults_twist, basic_altar, serial_shops,
          shop, uniq_bai_suzhen, uniq_frederick
Vaults:3: minmay_crypt_entry_simple_statues, nicolae_vaults_ring_of_whatevers,
          hangedman_vaults_stretched_pinwheel, nicolae_vaults_gold_heap,
          vaults_room_grunt_arrival_checkpoint, v_misc_4,
          nicolae_vaults_know_your_exits, grunt_vaults_focal,
          ontoclasm_vaults_chip, uniq_margery, uniq_nikola
Vaults:4: v_rooms_1, v_misc_10, vaults_dpeg_spiral, vaults_room_door_ring,
          vaults_dpeg_doors, nicolae_vaults_meeting, hangedman_vaults_maws,
          vaults_room_semicircle, nicolae_vaults_rhombus_6, vaults_dpeg_ring
Vaults:5: serial_shops, uniq_mara
Crypt:1:  st_stairs_11
Crypt:2:  serial_glass, glass_columns_b, glass_columns_b, uniq_saint_roka
Crypt:3:  grunt_crypt_end_deaths_head, uniq_jorgrun
Depths:1: pan_entry, hell_entry, minmay_room_of_horrors, mu_enter_wizlab_1,
          minmay_misc_feat_more_columns, serial_shops, shop,
          grunt_decor_one_mirror, hangedman_abyss_or_decor_lesser_grid,
          grunt_decor_fettered, dk_noncrumbling_3, bh_walls_and_bars,
          minmay_shop_grove, uniq_enchantress
Depths:2: lemuel_river_lethe, abyss_entry, hell_entry
Depths:3: wad_statue_garden, hangedman_tar_grid_catacomb,
          grunt_pan_entry_in_and_out, kennysheep_diamond, minmay_misc_feat_iff,
          minivault_1, serial_bayou_shore_b, uniq_jory
Depths:4: giant_chief_lemuel, enter_ziggurat_a, grunt_pan_entry_sceptre,
          serial_sigils_hangedman_quiver, serial_shops, shop,
          abyss_entry_crystal, hell_entry
Depths:5: evilmike_zot_entry_round, nicolae_benzene_ring,
          pf_hell_entry_great_geh, hangedman_abyss_entry_splay,
          roderic_roman_lattice
Zot:3:    kennysheep_ambush_hall
Zot:4:    lemuel_baited_zot_trap
Zot:5:    grunt_ministairs_14
Abyss:3:  minivault_20, hangedman_abyss_stitches_cave,
          nicolae_abyss_rune_left_handed
Abyss:4:  nicolae_abyss_rune_star_stuff
Abyss:5:  grunt_abyss_rune_wretched_hive
Bailey:   bailey_axe_minmay_hex_keep, bailey
WizLab:   wizlab_demon

Skill      XL: |  1  2  3  4  5  6  7  8  9 10 11 12 13 14 15 16 17 18 19 20 21 22 23 24 25 26 27 |
---------------+----------------------------------------------------------------------------------+-----
Spellcasting   | 3 4 6 7 9 10 11 13 15 16 18 | 18.7
Necromancy     | 5 6 7 8 10 11 12 13 15 16 17 | 17.6
Fighting       | 3 5 7 8 9 10 11 12 13 14 16 17 18 19 20 21 | 21.6
Dodging        | 3 4 5 6 8 10 | 10.9
Short Blades   | 1 2 5 8 9 10 11 12 13 | 13.7
Conjurations   | 2 5 6 7 9 12 14 16 17 | 17.8
Polearms       | 4 |  4.5
Armour         | 4 5 7 10 11 12 13 | 13.0
Stealth        | 3 5 7 8 9 |  9.1
Shields        | 2 5 7 9 11 12 14 15 | 15.0

Action                   |  1- 3 |  4- 6 |  7- 9 | 10-12 | 13-15 | 16-18 | 19-21 | 22-24 | 25-27 || total
-------------------------+-------+-------+-------+-------+-------+-------+-------+-------+-------++-------
Melee: Unarmed           |    20 |       |       |       |       |       |       |       |       ||    20
       Short sword       |    50 |    45 |       |       |       |       |       |       |       ||    95
       Whip              |     2 |       |       |       |       |       |       |       |       ||     2
       Staff             |       |    24 |    74 |   107 |       |       |       |       |       ||   205
       Rapier            |       |       |   210 |   285 |   515 |  1001 |  1296 |  1490 |   991 ||  5788
       Trident           |       |       |       |   158 |   546 |       |       |       |       ||   704
 Cast: Pain              |    57 |    85 |    54 |    61 |       |       |       |       |       ||   257
       Animate Skeleton  |    16 |     7 |     5 |       |       |       |       |       |       ||    28
       Vampiric Draining |     2 |     5 |    41 |   155 |   217 |    27 |     1 |     1 |       ||   449
       Control Undead    |       |     3 |     7 |     1 |     3 |     1 |    17 |     2 |     5 ||    39
       Animate Dead      |       |       |    13 |    59 |    86 |    69 |    32 |    62 |    40 ||   361
       Bolt of Draining  |       |       |       |    50 |   139 |   336 |   234 |   289 |   168 ||  1216
       Dispel Undead     |       |       |       |       |    43 |    34 |   286 |   142 |    44 ||   549
       Orb of Destructio |       |       |       |       |       |       |       |       |    45 ||    45
Invok: Receive Corpses   |       |       |       |     1 |     7 |     5 |     4 |     3 |     9 ||    29
       Brand Weapon With |       |       |       |       |     1 |       |       |       |       ||     1
       Torment           |       |       |       |       |       |       |       |       |     2 ||     2
 Abil: Evoke Flight      |       |       |       |       |       |       |       |     2 |       ||     2
Evoke: Wand              |       |       |     1 |       |       |     1 |       |    13 |     4 ||    19
  Use: Scroll            |     4 |     2 |     6 |     3 |    22 |     4 |    16 |    31 |    17 ||   105
 Stab: Sleeping          |     3 |     1 |     5 |     4 |     6 |     3 |     3 |     6 |     3 ||    34
       Distracted        |       |     1 |     2 |     2 |     8 |    13 |     7 |    11 |     9 ||    53
       Petrified         |       |       |       |       |     5 |       |       |     1 |       ||     6
       Petrifying        |       |       |       |       |       |       |       |     1 |       ||     1
Armor: Robe              |    30 |    25 |    22 |       |       |       |       |       |       ||    77
       Leather armour    |       |       |   109 |   288 |   263 |   295 |   175 |    40 |       ||  1170
       Storm dragon scal |       |       |       |       |   215 |       |       |       |       ||   215
       Fire dragon scale |       |       |       |       |       |       |       |   273 |   362 ||   635
Dodge: Dodged            |    71 |    51 |   262 |   535 |   634 |   389 |   445 |   516 |   398 ||  3301
Block: Shield            |       |       |       |       |    36 |   727 |   703 |   663 |   367 ||  2496
       Reflection        |       |       |       |       |       |   116 |    44 |     6 |       ||   166
